 Dungeon Crawl Stone Soup version 0.21-a0-91-ga5031da (webtiles) character file.

2999 nikopol the Thaumaturge (level 9, -4/47 HPs)
             Began as a Deep Elf Fire Elementalist on June 27, 2017.
             Killed from afar by a deep elf mage (23 damage)
             ... with a lance of force
             ... in a bailey on June 28, 2017.
             The game lasted 00:31:31 (8214 turns).

nikopol the Thaumaturge (DEFE)                      Turns: 8214, Time: 00:31:31

Health: -4/47      AC:  4    Str:  5    XL:     9   Next: 54%
Magic:  0/25       EV: 14    Int: 24    God:
Gold:   212        SH:  0    Dex: 15    Spells: 17/28 levels left

rFire    . . .     SeeInvis .   r - +2 short sword (protect)
rCold    + . .     Gourm    .   (no shield)
rNeg     . . .     Faith    .   a - +0 robe
rPois    .         Spirit   .   P - +0 helmet
rElec    .         Reflect  .   L - +0 cloak
rCorr    .         Harm     .   (no gloves)
MR       +....                  (no boots)
Stlth    +++.......             (no amulet)
HPRegen  0.15/turn              j - ring of protection from magic
MPRegen  0.19/turn              F - ring of protection from cold

@: very slightly contaminated
A: no striking features
a: no special abilities


You were in a bailey.
You were very hungry.

You visited 1 branch of the dungeon, and saw 7 of its levels.
You also visited: Sewer, Ossuary and Bailey.

You collected 212 gold pieces.

Inventory:

Hand Weapons
 e - a +1 dagger of protection
 q - a +0 dagger of venom
 r - a +2 short sword of protection (weapon)
Missiles
 K - 2 throwing nets (quivered)
Armour
 a - a +0 robe (worn)
 L - a +0 cloak (worn)
 P - a +0 helmet (worn)
Jewellery
 j - a ring of protection from magic (left hand)
 F - a ring of protection from cold (right hand)
 J - a cursed -3 ring of protection {unknown}
 O - an uncursed ring of flight {unknown}
Wands
 H - a wand of acid (6/15)
 N - a wand of flame (21/48)
Scrolls
 f - a scroll of teleportation {unknown}
 g - 4 scrolls of remove curse
 m - 2 scrolls of amnesia {unknown}
 n - 3 scrolls of enchant armour {unknown}
 o - 3 scrolls of random uselessness {unknown}
 p - 4 scrolls of identify {unknown}
 u - a scroll of fog {unknown}
 v - 2 scrolls of recharging {unknown}
 w - 4 scrolls of noise {unknown}
 y - a scroll of immolation {unknown}
 D - a scroll of magic mapping
 E - 2 scrolls of fear {unknown}
 M - 2 scrolls of enchant weapon {unknown}
Potions
 d - 5 potions of heal wounds
 h - 12 potions of curing {unknown}
 i - 3 potions of agility {unknown}
 k - 6 potions of flight {unknown}
 s - a potion of brilliance {unknown}
 t - 4 potions of degeneration {unknown}
 x - 3 potions of might {unknown}
 z - 2 potions of berserk rage {unknown}
 A - a potion of lignification {unknown}
 B - 2 potions of mutation {unknown}
 C - a potion of invisibility {unknown}
 G - a potion of cancellation {unknown}
Books
 b - a book of Flames

   Spells                             Type                      Level
   a - Flame Tongue                   Conjuration/Fire             1
   b - Throw Flame                    Conjuration/Fire             2
   c - Conjure Flame                  Conjuration/Fire             3
   d - Inner Flame                    Hexes/Fire                   3
   e - Sticky Flame                   Conjuration/Fire             4
   f - Fireball                       Conjuration/Fire             5
Comestibles
 c - 3 bread rations
 l - 4 meat rations
 I - 5 fruits


   Skills:
 + Level 1.3 Fighting
 + Level 0.4 Short Blades
 + Level 3.6 Dodging
 + Level 4.2 Stealth
 + Level 10.4 Spellcasting
 + Level 7.1 Conjurations
 + Level 9.1 Fire Magic


You had 17 spell levels left.
You knew the following spells:

 Your Spells              Type           Power        Failure   Level  Hunger
a - Flame Tongue          Conj/Fire      #####        1%          1    None
b - Throw Flame           Conj/Fire      ######       1%          2    None
c - Conjure Flame         Conj/Fire      ######..     1%          3    None
d - Fireball              Conj/Fire      ######....   4%          5    ####...


Dungeon Overview and Level Annotations

Branches:
Dungeon (7/15)             Temple (0/1) D:7

Altars:
Dithmenos
Nemelex Xobeh
Uskayaw
Wu Jian

Shops:
D:4 (


Message History

Casting: Flame Tongue
Confirm with . or Enter, or press ? or * to list all spells.
Aiming: Flame Tongue
Press: ? - help, Shift-Dir - straight line, f/p - deep elf mage
Aim: a deep elf mage, wielding a dagger (almost dead)
The flame tongue hits the deep elf mage.
You kill the deep elf mage!
Your Spellcasting skill increases to level 10!
Your Conjurations skill increases to level 7!
Your Fire Magic skill increases to level 9!
Casting: Flame Tongue
Confirm with . or Enter, or press ? or * to list all spells.
Aiming: Flame Tongue
Press: ? - help, Shift-Dir - straight line, f - deep elf mage
Aim: a deep elf mage, wielding a long sword (heavily wounded)
The flame tongue hits the deep elf mage.
The deep elf mage is severely wounded.
The deep elf mage points at you and mumbles some strange words.
The lance of force hits you!
You die...

#..∩..##..##
#.....#....#
##...##....#
####'##..##
##...###
#..)..#
#..∩..#
#.....#
#@)..##
#§##### .e#
.... #....
#.... ##..
.##


You could see a deep elf mage.

Vanquished Creatures
  2 deep elf magi (Bailey)
  The ghost of Ijustatesigmund the Cudgeler, a novice NaFi (Ossuary)
  A hippogriff (D:7)
  2 ogres
  3 big kobolds (Sewer)
  A bullfrog (D:4)
  A water moccasin zombie (D:6)
  A scorpion (D:5)
  A howler monkey (D:6)
  2 human zombies (Ossuary)
  3 hounds
  2 orc priests
  A jelly (D:6)
  7 orc wizards
  A bullfrog skeleton (D:5)
  2 iguanas
  2 worker ants
  2 big kobold zombies (Ossuary)
  A hound skeleton (D:4)
  5 mummies (Ossuary)
  A worker ant zombie (D:4)
  7 gnolls
  A howler monkey skeleton (D:6)
  9 adders
  8 river rats
  A shadow imp (D:5)
  An adder skeleton (D:4)
  5 worms
  3 dart slugs (D:2)
  5 leopard geckos
  27 orcs
  5 ball pythons
  5 giant cockroaches
  2 gnoll zombies (Ossuary)
  3 goblins
  5 hobgoblins
  15 kobolds
  4 quokkas
  8 bats
  5 frilled lizards
  A goblin zombie (Ossuary)
  A kobold zombie (Ossuary)
  A leopard gecko zombie (D:6)
  29 rats
193 creatures vanquished.

Notes
Turn   | Place    | Note
-------+----------+-------------------------------------------
     0 | D:1      | nikopol the Deep Elf Fire Elementalist began the quest for the Orb.
     0 | D:1      | Reached XP level 1. HP: 10/10 MP: 6/6
   310 | D:1      | Reached XP level 2. HP: 15/15 MP: 6/8
   314 | D:1      | Learned a level 2 spell: Throw Flame
   796 | D:2      | Reached XP level 3. HP: 19/19 MP: 3/10
   801 | D:2      | Learned a level 3 spell: Conjure Flame
   963 | D:2      | Reached skill level 4 in Spellcasting
  1107 | D:2      | Reached XP level 4. HP: 23/24 MP: 4/12
  1303 | D:2      | Found an ornate altar of the Wu Jian Council.
  1791 | D:3      | Reached XP level 5. HP: 7/28 MP: 8/13
  1803 | D:3      | Found a glowing drain.
  1807 | Sewer    | Entered a sewer
  2127 | Sewer    | Reached skill level 5 in Spellcasting
  2127 | Sewer    | Reached skill level 5 in Fire Magic
  2478 | Sewer    | Reached XP level 6. HP: 23/32 MP: 10/15
  2867 | Sewer    | Learned a level 5 spell: Fireball
  2907 | Sewer    | Reached skill level 6 in Spellcasting
  2908 | Sewer    | Upgraded the game from 0.21-a0-88-g13b9641 to 0.21-a0-91-ga5031da
  3425 | D:3      | Found a sparkling altar of Nemelex Xobeh.
  4051 | D:3      | Reached XP level 7. HP: 36/36 MP: 8/18
  4265 | D:4      | Found a sand-covered staircase.
  4273 | Ossuary  | Entered an ossuary
  4279 | Ossuary  | Noticed Ijustatesigmund's ghost (novice NaFi)
  4297 | Ossuary  | Killed Ijustatesigmund's ghost
  4297 | Ossuary  | Reached skill level 7 in Spellcasting
  4439 | Ossuary  | Reached XP level 8. HP: 41/41 MP: 16/21
  4851 | Ossuary  | Reached skill level 5 in Conjurations
  5329 | D:4      | Found Dyeromep's Weapon Shoppe.
  5387 | D:4      | Reached skill level 8 in Spellcasting
  5641 | D:4      | Reached skill level 1 in Fighting
  5696 | D:4      | Found a shadowy altar of Dithmenos.
  5845 | D:5      | Entered Level 5 of the Dungeon
  6783 | D:5      | Reached skill level 9 in Spellcasting
  6977 | D:5      | Found a hide-covered altar of Uskayaw.
  7617 | D:6      | Reached XP level 9. HP: 44/47 MP: 10/24
  7993 | D:7      | Found a flagged portal.
  8016 | Bailey   | Entered a bailey
  8037 | Bailey   | Noticed a deep elf mage
  8045 | Bailey   | Killed a deep elf mage
  8202 | Bailey   | Noticed a deep elf mage
  8206 | Bailey   | Noticed a deep elf mage
  8213 | Bailey   | Killed a deep elf mage
  8213 | Bailey   | Reached skill level 10 in Spellcasting
  8214 | Bailey   | Killed from afar by a deep elf mage

Vault maps used:
D:1:      arrival_zaba_pyramid
D:2:      marbit_many_paths, serial_bayou_pond_b, hangedman_feature_mirror
D:3:      gup_sewer_entry_spiral, lemuel_statue_altar
D:4:      grunt_dithmenos_smoke_and_mirrors, chequers_ossuary_entry_cave,
          first_bread, serial_shops, shop
D:5:      lemuel_coloured_pillars_altar, cheibrodos_gnoll_hut
D:6:      minmay_stone_trees_small
D:7:      nicolae_overflow_hidden_temple, minmay_temple_entry_large_hall,
          enter_bailey_2, serial_shops, nicolae_shop_overgrown_old_shop,
          uniq_duvessa
Sewer:    sewer_minmay_treatment
Ossuary:  ossuary_crypta
Bailey:   bailey_polearm_3, bailey

Skill      XL: |  1  2  3  4  5  6  7  8  9 |
---------------+----------------------------+-----
Fire Magic     | 4 5 6 8 9 |  9.1
Spellcasting   | 4 5 6 7 9 10 | 10.4
Conjurations   | 2 3 4 6 7 |  7.1
Stealth        | 3 4 |  4.2
Dodging        | 3 |  3.6
Fighting       | 1 |  1.3
Short Blades   | |  0.4

Action                   |  1- 3 |  4- 6 |  7- 9 || total
-------------------------+-------+-------+-------++-------
Melee: Short sword       |       |       |     5 ||     5
 Cast: Flame Tongue      |    58 |   153 |   213 ||   424
       Throw Flame       |       |     9 |     5 ||    14
       Conjure Flame     |       |     3 |    11 ||    14
       Fireball          |       |       |    10 ||    10
  Use: Scroll            |       |     2 |     2 ||     4
  Eat: Chunk             |       |     9 |    12 ||    21
       Royal jelly       |       |       |     1 ||     1
Armor: Robe              |     8 |     7 |     2 ||    17
Dodge: Dodged            |    11 |    36 |    30 ||    77
